Map: Ruins of Seras

Players

Sasquatch

  • Race: Protoss Protoss

Pseudorandom - Winner!

VOD

http://www.twitch.tv/pseudorandom63/b/647223325

Description

Time

  • Played on: April 7, 2015, 10:43 p.m.
  • Length: 9:17
Show
View Real Time Build Order
Export as new Build Order

Sasquatch Protoss 

Build Orders: 1 Gate Expand, Phoenix Opening, Phoenix Opening 

Get SALT Encoding   

  12  0:01  Probe  
  13  0:19  Probe  
  14  0:23  Pylon  
  14  0:41  Probe (Chrono Boost)  
  16  0:50  Gateway  
  16  0:51  Probe (Chrono Boost)  
  16  0:58  Probe  
  17  1:10  Probe  
  18  1:20  Nexus  
  18  1:24  Probe (Chrono Boost)  
  20  1:32  Assimilator  
  20  1:34  Probe (Chrono Boost)  
  20  1:35  Assimilator  
  20  1:44  Pylon  
  20  1:47  Probe (Chrono Boost)  
  21  1:58  Probe (Chrono Boost)  
  21  2:00  Cybernetics Core  
  22  2:05  Zealot  
  24  2:09  Probe (Chrono Boost)  
  25  2:21  Probe (Chrono Boost)  
  25  2:24  Gateway  
  25  2:29  Probe (Chrono Boost)  
  26  2:32  Probe  
  27  2:41  Stargate  
  27  2:43  Probe  
  28  2:47  Probe  
  29  2:55  Stalker (Chrono Boost)  
  31  3:06  Probe (Chrono Boost)  
  31  3:07  Probe (Chrono Boost)  
  33  3:18  Probe (Chrono Boost)  
  33  3:19  Probe (Chrono Boost)  
  35  3:22  Pylon  
  35  3:26  Mothership Core (Chrono Boost), Probe (Chrono Boost)  
  38  3:30  Assimilator  
  38  3:33  Phoenix (Chrono Boost)  
  40  3:40  Probe (Chrono Boost)  
  41  3:44  Probe (Chrono Boost)  
  43  3:49  Pylon  
  43  3:50  Probe (Chrono Boost)  
  43  3:51  Probe (Chrono Boost)  
  44  3:56  Pylon  
  44  4:00  Probe  
  44  4:02  Probe  
  42  4:13  Warp Gate  
  25  4:25  Probe x2 (Chrono Boost)  
  26  4:34  Probe x2 (Chrono Boost)  
  27  4:45  Probe (Chrono Boost)  
  26  4:46  Pylon  
  26  4:48  Pylon  
  26  4:51  Probe (Chrono Boost)  
  26  4:58  Probe (Chrono Boost)  
  27  5:01  Pylon  
  27  5:03  Probe (Chrono Boost)  
  27  5:04  Pylon  
  27  5:06  Probe (Chrono Boost)  
  28  5:07  Sentry  
  28  5:08  Sentry  
  28  5:13  Probe (Chrono Boost)  
  34  5:15  Probe (Chrono Boost)  
  34  5:21  Phoenix (Chrono Boost)  
  34  5:23  Probe (Chrono Boost)  
  34  5:26  Probe (Chrono Boost)  
  38  5:30  Probe  
  40  5:35  Probe  
  40  5:39  Phoenix (Chrono Boost)  
  40  5:42  Probe  
  43  5:43  Forge  
  43  5:47  Probe  
  43  5:49  Pylon  
  44  5:54  Probe  
  45  5:58  Phoenix (Chrono Boost)  
  45  5:59  Probe  
  48  6:08  Probe (Chrono Boost)  
  49  6:13  Probe (Chrono Boost)  
  50  6:18  Pylon  
  50  6:19  Sentry  
  50  6:20  Sentry, Assimilator  
  50  6:21  Phoenix (Chrono Boost)  
  50  6:24  Probe x2 (Chrono Boost)  
  58  6:31  Probe  
  58  6:35  Probe  
  58  6:39  Pylon, Phoenix (Chrono Boost)  
  61  6:43  Probe  
  62  6:53  Protoss Ground Weapons Level 1, Robotics Facility  
  62  6:57  Phoenix (Chrono Boost)  
  64  7:02  Probe x2  
  66  7:15  Phoenix (Chrono Boost)  
  68  7:26  Nexus  
  68  7:29  Pylon  
  68  7:30  Pylon  
  68  7:36  Probe x2 (Chrono Boost)  
  69  7:39  Zealot x2  
  71  7:46  Probe (Chrono Boost)  
  71  7:49  Phoenix (Chrono Boost)  
  74  8:01  Stalker x2  
  74  8:03  Immortal (Chrono Boost)  
  82  8:07  Twilight Council  
  82  8:19  Photon Cannon  
  82  8:20  Gateway  
  82  8:23  Gateway  
  82  8:24  Probe  
  75  8:36  Zealot  
  75  8:37  Zealot  
  75  8:40  Immortal (Chrono Boost)  
Show
View Real Time Build Order
Export as new Build Order

Pseudorandom Zerg - Winner!

Build Orders: 2 Base Ravager, Pool First, Ravager All-In 

Get SALT Encoding   

  12  0:01  Drone  
  13  0:12  Overlord  
  13  0:18  Drone  
  14  0:30  Drone  
  14  0:31  Drone  
  16  0:37  Drone  
  17  0:45  Spawning Pool  
  17  0:48  Drone  
  18  0:57  Drone  
  18  1:10  Drone  
  19  1:19  Hatchery  
  19  1:23  Drone  
  19  1:26  Extractor  
  19  1:30  Overlord  
  18  1:37  Queen  
  20  1:40  Zergling x2  
  21  1:50  Drone  
  22  2:02  Drone, Extractor  
  22  2:03  Roach Warren  
  21  2:12  Drone  
  22  2:25  Overlord  
  22  2:32  Drone x2  
  24  2:43  Roach x2  
  28  2:46  Roach x2  
  28  2:49  Roach  
  34  3:13  Ravager x2  
  34  3:15  Ravager  
  34  3:16  Drone x2  
  34  3:19  Overlord  
  40  3:27  Ravager  
  40  3:31  Drone, Extractor  
  40  3:35  Drone x4  
  44  3:44  Ravager  
  44  3:46  Drone x4  
  49  3:50  Drone  
  51  4:05  Spore Crawler  
  47  4:24  Drone x5  
  48  4:25  Drone x3  
  49  4:32  Metabolic Boost, Drone x2  
  49  4:33  Drone  
  49  4:35  Lair, Overlord  
  52  4:42  Overlord  
  49  4:54  Drone x3  
  49  4:57  Extractor x2  
  47  5:01  Hatchery  
  46  5:13  Zergling x10  
  51  5:16  Queen  
  52  5:22  Zergling x4  
  52  5:25  Zergling x2  
  55  5:32  Drone  
  55  5:33  Drone x3  
  59  5:35  Hydralisk Den  
  59  5:36  Drone  
  59  5:37  Evolution Chamber  
  59  5:38  Evolution Chamber  
  59  5:41  Drone  
  58  5:47  Overlord  
  58  5:53  Drone  
  59  6:06  Drone x2  
  59  6:09  Zerg Ground Armor Level 1, Zerg Melee Weapons Level 1  
  59  6:10  Muscular Augments  
  59  6:11  Drone x3  
  59  6:12  Drone  
  59  6:13  Queen  
  59  6:17  Drone x3  
  68  6:31  Drone x2  
  68  6:32  Drone x4  
  73  6:34  Hydralisk  
  73  6:39  Spore Crawler  
  74  6:40  Spore Crawler  
  74  6:45  Drone  
  74  6:46  Drone x2, Spore Crawler  
  75  6:47  Spore Crawler  
  74  6:55  Overlord x2  
  73  7:03  Overlord  
  73  7:07  Spore Crawler  
  72  7:08  Spore Crawler  
  72  7:09  Drone, Hydralisk  
  72  7:12  Spore Crawler  
  70  7:17  Hatchery  
  70  7:18  Hydralisk x5  
  79  7:27  Hydralisk  
  79  7:28  Hydralisk x3  
  87  7:30  Hydralisk  
  89  7:41  Overlord  
  89  7:48  Hydralisk  
  89  7:49  Hydralisk  
  89  7:51  Overlord x3  
  89  7:55  Infestation Pit  
  89  7:57  Drone x2  
  90  7:59  Extractor  
  90  8:00  Extractor  
  90  8:04  Overlord  
  88  8:09  Hydralisk x2  
  88  8:12  Hydralisk  
  93  8:20  Zergling x2  
  93  8:21  Zergling x12  
  100  8:31  Zergling x4  
  100  8:32  Zergling x6  
Tags
 
Add a new tag
Caveats
  • Supply blocks, unpowered buildings, or Contaminate may cause inaccurate times.
  • Supply counts are checked every 10 seconds.